Map: Blueshift LE

Players

TYTY (TY) - Winner!

  • Race: Terran Terran
  • Spawn Location: 7:00

Lambo

  • Race: Zerg Zerg
  • Spawn Location: 1:00

VOD

Have the link to the VOD?

Description

Time

  • Played on: Oct. 28, 2018, 11:37 a.m.
  • Length: 5:40
Show
View Real Time Build Order
Export as new Build Order

TYTY Terran - Winner!

Build Orders: Hellion Opening, Reaper Expand 

Get SALT Encoding   

  12  0:00  SCV  
  13  0:12  SCV  
  14  0:18  Supply Depot  
  14  0:24  SCV  
  15  0:39  SCV  
  15  0:41  Barracks  
  16  0:43  Refinery  
  16  0:52  SCV  
  17  1:04  SCV  
  18  1:16  SCV  
  19  1:28  Reaper  
  19  1:29  Orbital Command  
  20  1:39  Command Center  
  20  1:48  Supply Depot  
  20  1:54  SCV  
  20  2:00  Marine  
  22  2:05  Factory  
  22  2:07  SCV  
  23  2:17  Refinery  
  23  2:20  SCV  
  23  2:22  Barracks Reactor  
  24  2:32  SCV  
  25  2:44  SCV  
  26  2:51  Starport  
  26  2:56  SCV  
  27  3:02  Orbital Command  
  27  3:04  Barracks Tech Lab  
  27  3:08  Hellion x2  
  27  3:11  SCV  
  33  3:29  Hellion x2, Viking, Supply Depot  
  33  3:32  Marauder  
  40  3:38  SCV x2  
  42  3:44  Supply Depot  
  42  3:50  Hellion x2  
  42  3:53  Concussive Shells, Marauder  
  48  4:03  Medivac  
  48  4:06  Supply Depot  
  50  4:12  Hellion x2  
  50  4:15  Marauder  
  56  4:19  Armory  
  56  4:21  Liberator, SCV  
  57  4:25  SCV  
  58  4:33  Hellion x2  
  62  4:41  SCV x2  
  67  4:51  Supply Depot  
  67  4:53  SCV x2  
  69  5:05  SCV  
  70  5:13  Hellion x2, SCV  
  75  5:17  SCV  
  71  5:25  SCV  
  66  5:31  Command Center  
Show
View Real Time Build Order
Export as new Build Order

Lambo Zerg 

Build Orders: Hatch First 

Get SALT Encoding   

  12  0:00  Drone  
  13  0:13  Overlord  
  13  0:17  Drone  
  14  0:31  Drone x2  
  16  0:47  Hatchery  
  15  0:51  Drone  
  15  0:54  Drone  
  17  0:58  Drone  
  18  1:08  Extractor  
  17  1:13  Spawning Pool  
  17  1:16  Drone  
  17  1:19  Drone  
  18  1:28  Drone  
  19  1:41  Drone  
  20  1:52  Overlord  
  20  1:59  Queen x2  
  20  2:00  Zergling x2  
  25  2:01  Zergling x2  
  26  2:10  Drone  
  26  2:12  Metabolic Boost  
  26  2:14  Drone  
  28  2:21  Drone  
  29  2:25  Drone  
  30  2:31  Drone  
  30  2:35  Drone, Queen  
  34  2:42  Drone  
  35  2:56  Drone  
  36  3:00  Overlord  
  36  3:01  Overlord  
  36  3:11  Hatchery  
  35  3:13  Drone  
  35  3:18  Queen  
  43  3:20  Drone x5  
  43  3:23  Queen  
  45  3:27  Drone  
  46  3:36  Drone x2  
  46  3:40  Roach Warren  
  47  3:42  Drone  
  47  3:45  Drone x2  
  47  3:46  Drone  
  51  3:49  Overlord  
  51  3:54  Zergling x2  
  52  4:00  Overlord  
  52  4:05  Overlord  
  52  4:07  Baneling Nest  
  52  4:08  Overlord  
  52  4:13  Overlord  
  52  4:18  Queen  
  52  4:20  Zergling x8  
  52  4:21  Drone x2  
  60  4:25  Queen  
  60  4:28  Drone, Spore Crawler  
  60  4:29  Drone x2  
  60  4:31  Drone  
  65  4:33  Overlord  
  65  4:34  Drone  
  67  4:38  Drone  
  67  4:42  Drone  
  67  4:44  Drone  
  68  4:48  Drone  
  68  4:52  Drone x2  
  71  4:55  Drone x2  
  71  4:58  Baneling x5  
  71  4:59  Zergling x4  
  75  5:00  Queen  
  75  5:01  Zergling x6  
  74  5:09  Zergling x2  
  74  5:11  Zergling x4  
  74  5:13  Baneling x2  
  73  5:15  Zergling x2  
  73  5:18  Zergling x2  
  73  5:19  Zergling x2  
  73  5:20  Zergling x2  
  72  5:22  Zergling x4  
Tags
 
Add a new tag
Caveats
  • Supply blocks, unpowered buildings, or Contaminate may cause inaccurate times.
  • Supply counts are checked every 10 seconds.